 Dungeon Crawl Stone Soup version 0.29.0-13-gc9e81de378 (webtiles) character file.

Game seed: 10515997401875342869

133 avis the Ruffian (level 4, -8/38 HPs)
             Began as a Demigod Transmuter on Sept 10, 2022.
             Killed by divine providence
             ... invoked by an orc priest
              (11 damage)
             ... on level 3 of the Dungeon.
             The game lasted 00:12:02 (2794 turns).

avis the Ruffian (Demigod Transmuter)               Turns: 2794, Time: 00:12:03

Health: -8/38      AC:  2    Str: 15    XL:     4   Next: 64%
Magic:  6/9        EV: 19    Int: 15    God:
Gold:   113        SH:  0    Dex: 19    Spells: 1/7 levels left

rFire   . . .      SeeInvis .     - Unarmed
rCold   . . .      Faith    .   (shield currently unavailable)
rNeg    . . .      Spirit   .   (body armour currently unavailable)
rPois   x          Reflect  .   (helmet currently unavailable)
rElec   .          Harm     .   (cloak currently unavailable)
rCorr   .          Rampage  .   (gloves currently unavailable)
Will    +....                   (boots currently unavailable)
Stlth   ++........              (no amulet)
HPRegen 0.12/turn               c - ring of willpower
MPRegen 0.11/turn               (no ring)

@: spider-form (expiring)
A: venomous fangs, tiny, high MP 1, forlorn, divine attributes
a: End Transformation


You were on level 3 of the Dungeon.
You were a venomous arachnid creature.
You visited 1 branch of the dungeon, and saw 3 of its levels.

You collected 113 gold pieces.

Inventory:

Hand Weapons
 a - a +2 quarterstaff of chaos
 l - a +2 hand axe of flaming
Missiles
 k - 5 poisoned darts
Armour
 q - a +2 robe of willpower (melded)
 r - a +2 cloak of willpower (melded)
Jewellery
 c - a ring of willpower (left front leg)
Scrolls
 d - 3 scrolls of teleportation {unknown}
 f - a scroll of immolation {unknown}
 g - 3 scrolls of identify {unknown}
 m - a scroll of summoning {unknown}
 o - 2 scrolls of enchant weapon {unknown}
 s - a scroll of fear {unknown}
 t - a scroll of butterflies {unknown}
 u - a scroll of magic mapping {unknown}
Potions
 b - a potion of lignification
 e - a potion of resistance {unknown}
 h - 2 potions of curing {unknown}
 i - 2 potions of mutation {unknown}
 j - a potion of attraction {unknown}
 n - 3 potions of heal wounds {unknown}
 p - a potion of cancellation {unknown}


   Skills:
 - Level 3.0 Fighting
 - Level 2.0 Dodging
 - Level 3.0 Unarmed Combat
 - Level 2.0 Spellcasting
 * Level 2.9 Transmutations
 - Level 1.0 Poison Magic


You had one spell level left.
You knew the following spells:

 Your Spells              Type           Power      Damage    Failure   Level
a - Beastly Appendage     Tmut           20%        N/A       19%         1
e - Wereblood             Tmut           10%        N/A       26%         2
p - Spider Form           Tmut/Pois      7%         N/A       52%         3

Your spell library contained the following spells:

 Spells                   Type           Power      Damage    Failure   Level
 Ice Form                 Ice/Tmut       5%         N/A       90%         4


Dungeon Overview and Level Annotations

Branches:
Dungeon (3/15)


Innate Abilities, Weirdness & Mutations

You are a venomous arachnid creature.
You have poisonous fangs.
You are tiny and dextrous.
Your spellcasting is less reliable in this form.
Your armour is entirely melded.
You are incapable of wielding weapons or throwing items.
You have an increased reservoir of magic. (+10% MP)
You shall have no god before yourself.
Your divine heritage dramatically boosts your attributes as you level up.


Message History

You see here a throwing net.
You struggle against the net.
The gnoll shouts!
You tear a large gash into the net.
The gnoll hits you from afar with a +0 halberd.
The orc priest invokes the aid of Beogh against you.
Beogh smites you!
You shred the net and break free!
The gnoll hits you from afar with a +0 halberd.
The gnoll hits you with a +0 halberd. The gnoll attacks as you move away!
The gnoll barely misses you. The gnoll closely misses you.
The gnoll hits you from afar with a +0 halberd.
The gnoll hits you from afar with a +0 halberd.
* * * LOW HITPOINT WARNING * * *
The gnoll attacks as you move away! The gnoll hits you with a +0 whip.
* * * LOW HITPOINT WARNING * * *
The gnoll misses you. The gnoll attacks as you move away!
The gnoll hits you but does no damage. The gnoll attacks as you move away!
The gnoll closely misses you.
Casting: Spider Form (quite dangerous; 30% risk of failure)
Confirm with . or Enter, or press ? or * to list all spells.
The spell is quite dangerous to miscast (30% risk of failure)!
Continue anyway?
You turn into a venomous arachnid creature.
Your +2 cloak of willpower melds into your body.
Your +2 robe of willpower melds into your body.
You feel less strong-willed. x2; The gnoll closely misses you.
The gnoll attacks as you move away! The gnoll misses you.
The gnoll attacks as you move away! The gnoll hits you with a +0 whip!
* * * LOW HITPOINT WARNING * * *
The gnoll attacks as you move away! The gnoll completely misses you.
The gnoll attacks as you move away! The gnoll closely misses you.
The gnoll attacks as you move away! The gnoll misses you.
The gnoll attacks as you move away! The gnoll closely misses you.
Your transformation is almost over.
The gnoll attacks as you move away! The gnoll completely misses you.
The gnoll attacks as you move away! The gnoll barely misses you.
The orc priest invokes the aid of Beogh against you.
Beogh smites you!
You die...

### #<# #.# #.# #.# #.#
#.# #.# #s##########
#g##.......# ###
#g##.......#####..
#g##.......#......
#.##..............
#o##.......#......
######.##.......#......
.......o.#.......#......
.........#.......#......


You could see an orc priest, 3 gnolls and an orc.

Vanquished Creatures
  Crazy Yiuf (D:2)
  Jessica (D:2)
  A gnoll (D:3)
  An adder (D:3)
  2 worms
  7 ball pythons
  6 endoplasms
  3 giant cockroaches
  8 goblins
  5 hobgoblins
  5 kobolds
  2 quokkas (D:3)
  3 bats
  A frilled lizard (D:2)
  7 rats
53 creatures vanquished.

Notes
Turn   | Place    | Note
-------+----------+-------------------------------------------
     0 | D:1      | avis the Demigod Transmuter began the quest for the Orb.
     0 | D:1      | Reached XP level 1. HP: 15/15 MP: 5/5
    46 | D:1      | Reached skill level 1 in Fighting
   415 | D:1      | Reached XP level 2. HP: 21/23 MP: 5/7
  1492 | D:2      | Reached XP level 3. HP: 30/30 MP: 6/8
  1506 | D:2      | Learned a level 3 spell: Spider Form
  1891 | D:2      | Noticed Jessica
  1897 | D:2      | Killed Jessica
  1922 | D:2      | Found a runed translucent door.
  1923 | D:2      | Noticed Crazy Yiuf
  1959 | D:2      | Killed Crazy Yiuf
  1960 | D:2      | Reached skill level 1 in Poison Magic
  1960 | D:2      | Reached XP level 4. HP: 25/38 MP: 5/9
  2262 | D:3      | Learned a level 2 spell: Wereblood
  2794 | D:3      | Killed from afar by an orc priest

Illustrated notes

Levels and vault maps discovered:
D:1:      wander_arrival_abandoned_jail, layout_basic
D:2:      layout_rooms, hellmonk_ecumenical_altar_crossroads, uniq_jessica,
          uniq_crazy_yiuf_cottage
D:3:      layout_basic, uniq_robin

Skill      XL: |  1  2  3 |
---------------+----------+-----
Fighting       | 1 2 3 |  3.0
Unarmed Combat | 3 |  3.0
Spellcasting   | 2 |  2.0
Transmutations | 2 |  2.9
Poison Magic   | 1 |  1.0
Dodging        | 2 |  2.0

Action                   |  1- 3 |  4- 6 || total
-------------------------+-------+-------++-------
Melee: Unarmed           |   106 |    46 ||   152
       Kick              |    19 |    15 ||    34
       Headbutt          |    11 |     6 ||    17
       Punch             |     1 |     2 ||     3
 Cast: Beastly Appendage |    27 |     8 ||    35
       Spider Form       |     1 |     3 ||     4
 Stab: Sleeping          |       |     1 ||     1
Armor: Robe              |    17 |    12 ||    29
Dodge: Dodged            |    68 |    29 ||    97
